[Event "Titled Tuesday Blitz November 9 2021"]
[White "Pandey Srishti"]
[Black "Kollars, Dmitrij"]
[WhiteFideId "35093290"]
[BlackFideId "12909572"]
[WhiteElo "1816"]
[BlackElo "2584"]
[Result "0-1"]
[Round "01"]
[TimeControl "180+1"]
[Date "2021.11.09"]
[WhiteClock "0:01:30"]
[BlackClock "0:01:51"]

1. e4 e6 2. d4 d5 3. Nc3 Nf6 4. Bg5 dxe4 5. Nxe4 Nbd7 6. Bd3 Be7 7. Nxf6+ Bxf6 8. Bxf6 Qxf6 9. Nf3 O-O 10. O-O c5 11. Re1 cxd4 12. Nxd4 g6 13. c3 Nc5 14. Bc2 e5 15. Qf3 Qxf3 16. Nxf3 f6 17. Rad1 Bg4 18. Rd5 b6 19. Nd2 Rfd8 20. Rxd8+ Rxd8 21. Ne4 Nxe4 22. Bxe4 Rd2 23. f3 Be6 24. a3 Rxb2 25. Rd1 f5 26. Rd8+ Kf7 27. Bc6 Rb3 28. a4 Rxc3 29. Bb5 Rc7 30. Rh8 Kf6 31. Rf8+ Ke7 32. Rh8 Kd6 33. Kf2 f4 34. Ke1 Bd7 35. Bd3 Bxa4 0-1


[Site "https://www.chess.com"]

[Event "Titled Tuesday Blitz November 9 2021"]
[White "Paravyan, David"]
[Black "Shubenkova, Veronika"]
[WhiteFideId "4194985"]
[BlackFideId "44124040"]
[WhiteElo "2639"]
[BlackElo "1938"]
[Result "1-0"]
[Round "01"]
[TimeControl "180+1"]
[Date "2021.11.09"]
[WhiteClock "0:02:23"]
[BlackClock "0:02:07"]

1. e4 c5 2. Nf3 e6 3. d4 cxd4 4. Nxd4 a6 5. a3 Nc6 6. Nc3 Qc7 7. Be3 Nf6 8. f4 d6 9. Qf3 Be7 10. O-O-O Bd7 11. Kb1 O-O-O 12. Be2 Nxd4 13. Bxd4 Bc6 14. Qe3 Rd7 15. Bb6 Qb8 16. Bf3 Bd8 17. e5 Bxf3 18. gxf3 Nh5 19. Ne4 dxe5 20. Rxd7 Kxd7 21. Rd1+ Ke7 22. Qc5+ Ke8 23. Rxd8+ Qxd8 24. Bxd8 Kxd8 25. Qxe5 1-0


[Site "https://www.chess.com"]

[Event "Titled Tuesday Blitz November 9 2021"]
[White "Pavlidis, Anastasios"]
[Black "Grachev, Boris"]
[WhiteFideId "4208404"]
[BlackFideId "4129199"]
[WhiteElo "2139"]
[BlackElo "2555"]
[Result "0-1"]
[Round "01"]
[TimeControl "180+1"]
[Date "2021.11.09"]
[WhiteClock "0:01:59"]
[BlackClock "0:02:51"]

1. e4 c5 2. Nf3 e6 3. d4 cxd4 4. Nxd4 Nf6 5. Nc3 Nc6 6. Ndb5 Bc5 7. Bf4 O-O 8. Bc7 Qe7 9. Bd6 Bxd6 10. Qxd6 Qd8 11. Qc7 d5 12. Qxd8 Rxd8 13. exd5 exd5 14. O-O-O d4 15. Ne2 Ne4 16. Re1 Nxf2 17. Rg1 d3 18. cxd3 Nxd3+ 19. Kd2 Nxe1+ 20. Kxe1 Bg4 21. h3 Bxe2 22. Bxe2 a6 23. Nc3 Nd4 0-1


[Site "https://www.chess.com"]

[Event "Titled Tuesday Blitz November 9 2021"]
[White "Pires, Marcos Vinicius Torsani"]
[Black "Ostrovskiy, Aleksandr"]
[WhiteFideId "2118939"]
[BlackFideId "2034239"]
[WhiteElo "2273"]
[BlackElo "2340"]
[Result "0-1"]
[Round "01"]
[TimeControl "180+1"]
[Date "2021.11.09"]
[WhiteClock "0:00:57"]
[BlackClock "0:00:11"]

1. e4 d5 2. exd5 Nf6 3. c4 c6 4. Nc3 cxd5 5. cxd5 Nxd5 6. Bc4 e6 7. Nf3 Be7 8. O-O O-O 9. Re1 Nc6 10. d4 Nxc3 11. bxc3 b6 12. Bd3 Bb7 13. h4 Rc8 14. Ng5 h6 15. Qh5 Na5 16. Nxe6 fxe6 17. Qg6 Rf6 18. Qh7+ Kf7 19. h5 Qg8 20. Bg6+ Kf8 21. Qxg8+ Kxg8 22. g4 Rxc3 23. Be3 Nc4 24. Rac1 Rxc1 25. Rxc1 Bd5 26. g5 hxg5 27. Bxg5 Rxg6 28. hxg6 Bxg5 29. Rc3 Bf6 30. Rd3 Kf8 31. f4 Ke7 32. Rh3 Bxd4+ 33. Kf1 Kf6 34. Rh8 Kxg6 35. Rd8 Kf5 36. Ke2 b5 37. Rf8+ Ke4 38. Rb8 a6 39. Rg8 Kxf4 40. Rf8+ Ke4 41. Rh8 Ne5 42. a4 bxa4 43. Rh4+ Kf5 44. Rh5+ g5 45. Rh8 Bc4+ 46. Kd2 Nf3+ 47. Kd1 Bxh8 0-1


[Site "https://www.chess.com"]

[Event "Titled Tuesday Blitz November 9 2021"]
[White "Reprintsev, Alexander"]
[Black "Hansen, Eric"]
[WhiteFideId "14100541"]
[BlackFideId "2606771"]
[WhiteElo "2126"]
[BlackElo "2568"]
[Result "0-1"]
[Round "01"]
[TimeControl "180+1"]
[Date "2021.11.09"]
[WhiteClock "0:00:16"]
[BlackClock "0:00:05"]

1. e4 c5 2. b3 d6 3. Bb2 e5 4. f4 exf4 5. Qf3 Nc6 6. Qxf4 Be6 7. Bb5 Ne7 8. Nf3 a6 9. Bc4 d5 10. exd5 Nxd5 11. Bxd5 Qxd5 12. Nc3 Qf5 13. Qxf5 Bxf5 14. O-O-O O-O-O 15. h3 h5 16. Rhf1 f6 17. Nh4 Bh7 18. Rde1 b6 19. d3 Bd6 20. Nf5 Bxf5 21. Rxf5 h4 22. Ne4 Bc7 23. a3 Rh6 24. Nf2 Rdh8 25. Bc3 Rh5 26. Rxh5 Rxh5 27. Re8+ Kd7 28. Rg8 Rg5 29. Ng4 Bd8 30. Bd2 Rg6 31. Bf4 Nd4 32. Be3 Nc6 33. Bf4 Ke6 34. c3 Kf7 35. Rh8 f5 36. Ne3 Bg5 37. Bxg5 Rxg5 38. Rxh4 g6 39. Rh7+ Ke6 40. Rb7 Rg3 41. Kd2 f4 42. Nc4 Rxg2+ 43. Ke1 b5 44. Rc7 Ne7 45. Nd2 Kd6 46. Ra7 Nf5 47. Rxa6+ Kd7 48. Ne4 f3 49. Nxc5+ Kc7 50. Ne6+ Kb8 51. Rb6+ Ka7 52. Rxb5 f2+ 53. Ke2 Ng3+ 54. Ke3 f1=Q 55. Nc5 Re2+ 56. Kd4 Qf4+ 57. Kd5 Re5+ 58. Kc6 Qf6+ 59. Kc7 Re7+ 60. Nd7 Qxc3+ 61. Kd8 Rxd7+ 62. Kxd7 Qxd3+ 63. Kc6 Qe4+ 64. Kc7 Qf4+ 65. Kc6 Qf6+ 66. Kc7 Qe7+ 67. Kc6 Qd8 68. Rb7+ Ka6 69. Rb4 Qc8+ 70. Kd6 Nf5+ 71. Kd5 Qd7+ 72. Kc5 Qd6+ 73. Kc4 Qd4# 0-1


[Site "https://www.chess.com"]

[Event "Titled Tuesday Blitz November 9 2021"]
[White "Siva Mahadevan"]
[Black "Shirazi, Kamran"]
[WhiteFideId "25043153"]
[BlackFideId "2000733"]
[WhiteElo "2203"]
[BlackElo "2317"]
[Result "1-0"]
[Round "01"]
[TimeControl "180+1"]
[Date "2021.11.09"]
[WhiteClock "0:00:23"]
[BlackClock "0:00:59"]

1. e4 d5 2. exd5 c6 3. dxc6 Nxc6 4. Nf3 e5 5. Nc3 Bd6 6. Bc4 Bg4 7. h3 Bh5 8. d3 Nge7 9. Ne4 Bc7 10. Ng3 Bg6 11. O-O O-O 12. Re1 a6 13. a3 b5 14. Ba2 Kh8 15. Bd2 h6 16. Bc3 f6 17. Qd2 Nd5 18. Rad1 Nxc3 19. Qxc3 Ba5 20. b4 Bb6 21. Qxc6 Rc8 22. Qd5 Rxc2 23. Re2 Rxe2 24. Nxe2 Qc7 25. Rc1 Qa7 26. Rc2 Rd8 27. Qe6 Bxf2+ 28. Kh2 Bxd3 29. Rd2 e4 30. Nf4 Be3 31. Ng6+ Kh7 32. Qf5 exf3 33. Rxd3 Qc7+ 34. Nf4+ Kh8 35. Rxd8+ Qxd8 36. Ng6+ Kh7 37. Nf8+ Kh8 38. Qh7# 1-0


[Site "https://www.chess.com"]

[Event "Titled Tuesday Blitz November 9 2021"]
[White "Sorokin, Aleksey"]
[Black "Shevtchenko, Olesya"]
[WhiteFideId "24176460"]
[BlackFideId "24131890"]
[WhiteElo "2476"]
[BlackElo "2003"]
[Result "1-0"]
[Round "01"]
[TimeControl "180+1"]
[Date "2021.11.09"]
[WhiteClock "0:01:58"]
[BlackClock "0:02:08"]

1. e4 c5 2. Nf3 d6 3. d4 cxd4 4. Nxd4 Nf6 5. Nc3 a6 6. Bg5 e6 7. f4 Qb6 8. Qd2 Qxb2 9. Rb1 Qa3 10. e5 dxe5 11. fxe5 Nfd7 12. Be2 h6 13. Bh4 Qa5 14. Nxe6 Bb4 15. Rxb4 Qxb4 16. Nc7+ Kf8 17. Bf2 Nc6 18. Nxa8 Ndxe5 19. O-O Be6 20. Nc7 Ke7 21. N7d5+ 1-0


[Site "https://www.chess.com"]

[Event "Titled Tuesday Blitz November 9 2021"]
[White "Svane, Frederik"]
[Black "Kanyamarala, Tarun"]
[WhiteFideId "12923044"]
[BlackFideId "45004714"]
[WhiteElo "2459"]
[BlackElo "2077"]
[Result "1-0"]
[Round "01"]
[TimeControl "180+1"]
[Date "2021.11.09"]
[WhiteClock "0:00:13"]
[BlackClock "0:00:46"]

1. e4 c5 2. Nf3 Nc6 3. Bb5 g6 4. O-O Bg7 5. Re1 e5 6. Bxc6 dxc6 7. d3 Ne7 8. Nc3 O-O 9. a3 Bg4 10. h3 Bxf3 11. Qxf3 f5 12. Be3 b6 13. b4 f4 14. Bd2 c4 15. Red1 cxd3 16. cxd3 Qc8 17. Bc1 Qe6 18. Bb2 Rfd8 19. Ne2 g5 20. d4 h6 21. Rac1 a5 22. bxa5 Rxa5 23. dxe5 Rxd1+ 24. Rxd1 Bxe5 25. Rd8+ Kf7 26. Bxe5 Rxe5 27. Nd4 Qg6 28. Qb3+ Kg7 29. Nf5+ Kh7 30. Rd7 Qf6 31. Rd6 Rb5 32. Rxf6 Rxb3 33. Nxe7 Rxa3 34. Rxc6 Ra1+ 35. Kh2 Re1 36. f3 Rb1 37. Nd5 b5 38. Rb6 Kg7 39. Nc3 Rb3 40. Nxb5 Kh7 41. Rb7+ Kg6 42. Nd6 Rd3 43. Rb6 Kh5 44. Nf5 1-0


[Site "https://www.chess.com"]

[Event "Titled Tuesday Blitz November 9 2021"]
[White "Svane, Rasmus"]
[Black "Viana Da Costa, Fernando"]
[WhiteFideId "4657101"]
[BlackFideId "2111900"]
[WhiteElo "2643"]
[BlackElo "2247"]
[Result "0-1"]
[Round "01"]
[TimeControl "180+1"]
[Date "2021.11.09"]
[WhiteClock "0:00:07"]
[BlackClock "0:00:06"]

1. Nf3 Nf6 2. g3 d5 3. Bg2 e6 4. O-O Be7 5. c4 O-O 6. b3 a5 7. Nc3 c6 8. Bb2 Nbd7 9. d3 b6 10. Qc2 Bb7 11. d4 c5 12. cxd5 Nxd5 13. Nxd5 Bxd5 14. e4 Bb7 15. d5 exd5 16. exd5 Bf6 17. Rad1 Re8 18. Nd2 Bxb2 19. Qxb2 Ne5 20. Rfe1 Nd3 21. Rxe8+ Qxe8 22. Qc3 Qe2 23. Rf1 Nb4 24. Bf3 Qb5 25. d6 Qd7 26. Nc4 Bxf3 27. Qxf3 Rb8 28. Rd1 Nc6 29. a4 Nd4 30. Qd5 g6 31. Ne5 Qf5 32. d7 Rd8 33. Qd6 Qxe5 34. Qxb6 Rxd7 35. Rf1 Qd5 36. Qb8+ Kg7 37. Qe8 Nf3+ 38. Kh1 Nd2+ 39. Kg1 Nxf1 40. Kxf1 Qd1+ 41. Kg2 Qd5+ 42. f3 Qe6 43. Qa8 Rd2+ 44. Kf1 Qe2+ 45. Kg1 Qg2# 0-1


[Site "https://www.chess.com"]

[Event "Titled Tuesday Blitz November 9 2021"]
[White "Sztokbant, Bernardo Vainzoff"]
[Black "Sjugirov, Sanan"]
[WhiteFideId "2115956"]
[BlackFideId "4189302"]
[WhiteElo "2264"]
[BlackElo "2653"]
[Result "0-1"]
[Round "01"]
[TimeControl "180+1"]
[Date "2021.11.09"]
[WhiteClock "0:00:01"]
[BlackClock "0:00:08"]

1. e4 c5 2. Nf3 Nf6 3. Nc3 d6 4. d4 cxd4 5. Qxd4 a6 6. Bg5 Nc6 7. Qe3 Ng4 8. Qd2 h6 9. Bh4 g5 10. Bg3 Bg7 11. h3 Nge5 12. Be2 Be6 13. Nxe5 Nxe5 14. Nd5 Rc8 15. O-O Bxd5 16. exd5 Qb6 17. c3 O-O 18. Kh1 Ng6 19. Bh5 Nf4 20. Bxf4 gxf4 21. Rae1 Be5 22. g3 Rc4 23. Be2 Re4 24. Bd3 Rxe1 25. Rxe1 Kh8 26. gxf4 Bf6 27. Rg1 Rg8 28. Rxg8+ Kxg8 29. Kg2 Kf8 30. Be4 Qb5 31. Bf3 Qc4 32. a3 b5 33. Kg3 Qa2 34. h4 Qb1 35. Bg2 Qg6+ 36. Kh2 Qg4 37. Qe3 Qxh4+ 38. Kg1 Qg4 39. Kh2 h5 40. Qf3 Qg6 41. Qe4 Qg4 42. Qf3 Qh4+ 43. Kg1 Bh8 44. Kf1 Bg7 45. Kg1 Bh6 46. f5 Qg5 47. Kh2 Bg7 48. Bh3 Be5+ 49. Kh1 Qc1+ 50. Kg2 Qxb2 51. Qxh5 Qxc3 52. Qh6+ Bg7 53. Qe3 Qxe3 54. fxe3 Bb2 55. Bg4 Bxa3 56. Be2 Bc5 57. Kf3 Kg7 58. Ke4 Kf6 59. Bd3 Kg5 60. Be2 Kh4 61. Kf4 Bb6 62. Bf1 Ba5 63. Be2 Bc3 64. Bf1 Be5+ 65. Kf3 Kg5 66. Ke4 Kg4 67. Be2+ Kg3 68. Bh5 f6 69. Kd3 Kf2 70. Be8 b4 71. Kc4 a5 72. Kd3 b3 0-1


[Site "https://www.chess.com"]

[Event "Titled Tuesday Blitz November 9 2021"]
[White "Tari, Aryan"]
[Black "Stromboli, Ettore"]
[WhiteFideId "1510045"]
[BlackFideId "813761"]
[WhiteElo "2656"]
[BlackElo "2414"]
[Result "1-0"]
[Round "01"]
[TimeControl "180+1"]
[Date "2021.11.09"]
[WhiteClock "0:00:24"]
[BlackClock "0:00:12"]

1. c4 b6 2. e4 Bb7 3. Nc3 e6 4. Nge2 Nf6 5. f3 d5 6. cxd5 exd5 7. e5 d4 8. exf6 dxc3 9. dxc3 Qxf6 10. Nd4 Be7 11. Bb5+ c6 12. Bd3 O-O 13. O-O Nd7 14. Be3 Rfe8 15. Bf2 Ne5 16. Be4 Rad8 17. Qc2 g6 18. Rad1 Bf8 19. Kh1 Bg7 20. Bg3 Nc4 21. Bf2 Ba8 22. b3 Ne5 23. c4 c5 24. Bxa8 Rxa8 25. Nb5 Red8 26. Nc7 Rxd1 27. Rxd1 Rd8 28. Nd5 Qe6 29. Re1 Qd7 30. Bh4 Re8 31. Qe2 Kf8 32. Bg3 f6 33. Qd2 Nc6 34. Rxe8+ Qxe8 35. h4 Kf7 36. Qf4 Qe5 37. Qg4 f5 38. Bxe5 fxg4 39. Bxg7 Kxg7 40. fxg4 Nd4 41. Ne7 Nc2 42. Nc8 Nb4 43. a4 Na2 44. Nxa7 Nc1 45. Nc8 Nxb3 46. Nxb6 Kf6 47. Nd7+ Ke7 48. Ne5 Ke6 49. Nd3 Kd6 50. Kh2 Na5 51. Nb2 Ke5 52. Kg3 Ke4 53. h5 g5 54. h6 Ke3 55. Nd1+ Kd4 56. Nf2 Nxc4 57. Nh3 Nb6 58. a5 Nd5 59. Nxg5 c4 60. Nxh7 c3 61. Ng5 c2 62. h7 c1=Q 63. h8=Q+ Kd3 64. Qh7+ Ke2 65. Qe4+ Ne3 66. Qf3+ Ke1 67. Qf2+ Kd1 68. Qg1+ Kd2 69. Qxc1+ Kxc1 70. a6 Nf1+ 71. Kh4 Nd2 72. a7 1-0


[Site "https://www.chess.com"]

[Event "Titled Tuesday Blitz November 9 2021"]
[White "Terry, Renato"]
[Black "Grunberg, Mihai-Lucian"]
[WhiteFideId "3803457"]
[BlackFideId "1204149"]
[WhiteElo "2577"]
[BlackElo "2364"]
[Result "1-0"]
[Round "01"]
[TimeControl "180+1"]
[Date "2021.11.09"]
[WhiteClock "0:01:50"]
[BlackClock "0:01:27"]

1. e4 Nf6 2. e5 Nd5 3. c4 Nb6 4. d4 d6 5. exd6 cxd6 6. Nc3 g6 7. Be3 Bg7 8. Rc1 O-O 9. b3 e5 10. dxe5 dxe5 11. Qxd8 Rxd8 12. c5 N6d7 13. Nf3 Nc6 14. Bc4 h6 15. Nb5 Nf8 16. Nd6 Rd7 17. O-O Re7 18. Rfd1 Be6 19. Bb5 Nb4 20. Bd2 Nd5 21. Re1 Bg4 22. c6 Bxf3 23. cxb7 Rxb7 24. Nxb7 Rb8 25. gxf3 1-0


[Site "https://www.chess.com"]

[Event "Titled Tuesday Blitz November 9 2021"]
[White "Urazayev, Arystanbek"]
[Black "Shuvalov, Evgenij"]
[WhiteFideId "13709810"]
[BlackFideId "4187237"]
[WhiteElo "2321"]
[BlackElo "2129"]
[Result "1/2-1/2"]
[Round "01"]
[TimeControl "180+1"]
[Date "2021.11.09"]
[WhiteClock "0:00:21"]
[BlackClock "0:00:18"]

1. e4 e6 2. d4 d5 3. Nd2 c5 4. exd5 exd5 5. Ngf3 Nc6 6. Bb5 Qe7+ 7. Qe2 Qxe2+ 8. Bxe2 Bf5 9. c3 cxd4 10. Nxd4 Nxd4 11. cxd4 a6 12. O-O Bd6 13. Bf3 Ne7 14. Nb1 Bxb1 15. Rxb1 Rc8 16. Be3 Kd7 17. Rfc1 Rxc1+ 18. Rxc1 Rc8 19. Rxc8 Kxc8 20. Kf1 Kc7 21. Bd2 Kc6 22. g3 Nf5 23. Bc3 Be7 24. Bg4 Nd6 25. Ke2 Bf6 26. Kd3 Nb5 27. Bd2 Nxd4 28. h4 Ne6 29. b3 Nc5+ 30. Ke2 Ne4 31. Be1 Nc3+ 32. Kd3 Nxa2 33. f4 Kc5 34. Bc8 Nb4+ 35. Ke2 b6 36. g4 Bd4 37. h5 h6 38. g5 a5 39. Bd2 Nc6 40. gxh6 gxh6 41. f5 Bg7 42. f6 Bxf6 43. Bxh6 Ne7 44. Bf8 Kb4 45. h6 Kxb3 46. Bd7 Ng6 47. Bg7 Bxg7 48. hxg7 Ne7 49. Be8 a4 50. Bxf7 a3 51. Bxd5+ Kb2 52. Kd3 a2 53. Bxa2 Kxa2 54. Kc4 Ka3 55. Kb5 Kb3 56. Kxb6 Kc4 57. Kc7 Kd5 58. Kd7 Ng8 59. Ke8 Ke5 60. Kf8 Nh6 61. Ke7 Kf5 62. Kf8 Kg6 63. g8=Q+ Nxg8 1/2-1/2


[Site "https://www.chess.com"]

[Event "Titled Tuesday Blitz November 9 2021"]
[White "Vivas Zamora, Fabian Ernesto"]
[Black "Makhnev, Denis"]
[WhiteFideId "3902480"]
[BlackFideId "13707647"]
[WhiteElo "1966"]
[BlackElo "2537"]
[Result "0-1"]
[Round "01"]
[TimeControl "180+1"]
[Date "2021.11.09"]
[WhiteClock "0:00:04"]
[BlackClock "0:01:22"]

1. c4 e6 2. Nf3 d5 3. b3 Nf6 4. g3 d4 5. Bb2 c5 6. b4 b6 7. Bg2 Bb7 8. O-O Nbd7 9. e3 dxe3 10. fxe3 cxb4 11. d4 Rc8 12. Nbd2 Be7 13. Qe2 O-O 14. e4 e5 15. dxe5 Bc5+ 16. Kh1 Ng4 17. Bh3 Ne3 18. e6 fxe6 19. Bxe6+ Kh8 20. Nh4 Nxf1 0-1


[Site "https://www.chess.com"]

[Event "Titled Tuesday Blitz November 9 2021"]
[White "Vovk, Orest"]
[Black "Zierk, Steven"]
[WhiteFideId "14113490"]
[BlackFideId "2034255"]
[WhiteElo "2203"]
[BlackElo "2494"]
[Result "1-0"]
[Round "01"]
[TimeControl "180+1"]
[Date "2021.11.09"]
[WhiteClock "0:00:07"]
[BlackClock "0:00:08"]

1. h4 d5 2. h5 h6 3. e4 dxe4 4. Nc3 Nf6 5. Qe2 Bg4 6. Qb5+ Nc6 7. Qxb7 Bd7 8. Bb5 Rb8 9. Qxc6 Bxc6 10. Bxc6+ Nd7 11. Nxe4 Rb6 12. Ba4 Re6 13. d3 f5 14. Bb3 Re5 15. f4 Ra5 16. Bd2 c6 17. Bxa5 Qxa5+ 18. Nc3 e5 19. Ne2 exf4 20. Nxf4 Ba3 21. O-O-O Qxc3 22. bxa3 Nc5 23. Ng6 Nxb3+ 24. axb3 Rg8 25. Rhe1+ Kd7 26. Re7+ Kc8 27. Rde1 Rd8 28. Kb1 Rd7 29. Re8+ Kb7 30. Nf4 a5 31. a4 Qd2 32. g3 Qf2 33. R1e3 c5 34. Kb2 Ka7 35. R8e5 Qd2 36. Ne6 c4 37. dxc4 Re7 38. c5 Qb4 39. c6 Qd6 40. c7 Rxc7 41. Nxc7 Qd4+ 42. Ka2 Qd2 43. Nb5+ Kb6 44. Re2 Qd1 45. Re6+ Kb7 46. Re7+ Kb6 47. R7e3 f4 48. gxf4 Qf1 49. Re6+ Kb7 50. R2e4 Qg2 51. Rc4 Kb8 52. Rc7 1-0


[Site "https://www.chess.com"]

[Event "Titled Tuesday Blitz November 9 2021"]
[White "Xiong, Jeffery"]
[Black "Jacobson, Aaron"]
[WhiteFideId "2047640"]
[BlackFideId "2089912"]
[WhiteElo "2699"]
[BlackElo "2265"]
[Result "1-0"]
[Round "01"]
[TimeControl "180+1"]
[Date "2021.11.09"]
[WhiteClock "0:00:13"]
[BlackClock "0:00:02"]

1. d4 d5 2. Nf3 c5 3. c4 Nf6 4. dxc5 e6 5. e3 Bxc5 6. a3 a6 7. b4 Ba7 8. Bb2 O-O 9. Nbd2 dxc4 10. Bxc4 b5 11. Be2 Bb7 12. O-O Nbd7 13. Nb3 Bb6 14. Bd4 Nd5 15. Rc1 Rc8 16. Qd2 Qe7 17. Bxb6 N5xb6 18. Nfd4 Na4 19. Na5 Bd5 20. Ndc6 Qg5 21. g3 Ndb6 22. Qd4 Rc7 23. e4 Bc4 24. h4 Qf6 25. e5 Qh6 26. Bxc4 Nxc4 27. Nxc4 Rxc6 28. Ne3 Rxc1 29. Rxc1 Qg6 30. Kg2 h6 31. Rc6 Qb1 32. Rxa6 Qb3 33. Ra5 Qxa3 34. Rxb5 Nc3 35. Ra5 Qb3 36. Rc5 Na4 37. Rc7 Rb8 38. Qf4 Rf8 39. Qd4 Rb8 40. Rxf7 Qxb4 41. Qd7 Qe4+ 42. Kh2 Qg6 43. Re7 Nc5 44. Qc7 Na6 45. Qd6 Ra8 46. Qc6 Rf8 47. Kg2 Nc5 48. Qxc5 Qe4+ 49. Kg1 Qb1+ 50. Nf1 Rd8 51. Rxg7+ Kxg7 52. Qe7+ Kg6 53. Qxd8 Kh5 54. Qe8+ Kg4 55. Qxe6+ Kf3 56. Qd5+ Ke2 57. Qc4+ Kf3 58. Qf4+ Ke2 59. Qe3+ Kd1 60. Qd2# 1-0


[Site "https://www.chess.com"]

[Event "Titled Tuesday Blitz November 9 2021"]
[White "Zhigalko, Sergei"]
[Black "Dilmukhametov, Artur"]
[WhiteFideId "13502956"]
[BlackFideId "24179922"]
[WhiteElo "2662"]
[BlackElo "2272"]
[Result "1-0"]
[Round "01"]
[TimeControl "180+1"]
[Date "2021.11.09"]
[WhiteClock "0:00:04"]
[BlackClock "0:00:02"]

1. e4 e5 2. Nf3 Nc6 3. Bc4 Nf6 4. d3 h6 5. O-O Be7 6. Nbd2 O-O 7. Re1 d6 8. c3 Be6 9. Bb5 a6 10. Bxc6 bxc6 11. d4 exd4 12. cxd4 Bg4 13. h3 Bh5 14. b3 d5 15. e5 Nd7 16. Nf1 c5 17. Ng3 Bxf3 18. Qxf3 cxd4 19. Nf5 Bg5 20. Qxd5 Nb6 21. Qxd4 Bxc1 22. Raxc1 Qxd4 23. Nxd4 Nd5 24. Rc5 Nb4 25. Rxc7 Nxa2 26. Nc6 Kh8 27. Ne7 Nb4 28. Rd1 a5 29. e6 fxe6 30. Ng6+ Kg8 31. Nxf8 Rxf8 32. Rdd7 Rb8 33. Rxg7+ Kf8 34. Rh7 Kg8 35. Rcg7+ Kf8 36. Ra7 Kg8 37. Rxh6 Nd5 38. Rg6+ Kh8 39. Rxe6 Nf4 40. Rh6+ Kg8 41. Rhh7 Ne2+ 42. Kh2 Nd4 43. Rag7+ Kf8 44. Rb7 Rxb7 45. Rxb7 Ke8 46. h4 Nc6 47. h5 Ne5 48. f3 Nd3 49. h6 Nc5 50. Ra7 Nxb3 51. h7 1-0


[Site "https://www.chess.com"]

[Event "Titled Tuesday Blitz November 9 2021"]
[White "Ahmadzada, Ahmad"]
[Black "Iskusnyh, Sergei"]
[WhiteFideId "13413007"]
[BlackFideId "4120027"]
[WhiteElo "2226"]
[BlackElo "2492"]
[Result "1-0"]
[Round "02"]
[TimeControl "180+1"]
[Date "2021.11.09"]
[WhiteClock "0:01:47"]
[BlackClock "0:00:06"]

1. e4 e6 2. d4 d5 3. Nd2 c5 4. exd5 exd5 5. Bb5+ Nc6 6. Ngf3 cxd4 7. O-O Bd6 8. Nb3 Ne7 9. Nbxd4 O-O 10. Re1 Bg4 11. Be2 Rc8 12. c3 Bb8 13. g3 a6 14. Bg5 Qd7 15. Bxe7 Nxe7 16. Ne5 Bxe5 17. Bxg4 f5 18. Nxf5 Nxf5 19. Rxe5 Rcd8 20. Qd3 g6 21. Rd1 Qc7 22. Rxd5 Rxd5 23. Qxd5+ Kg7 24. Bxf5 Rxf5 25. Qd4+ Kg8 26. Qd8+ Qxd8 27. Rxd8+ Kg7 28. Rd7+ Kh6 29. Rxb7 Ra5 30. a3 Re5 31. c4 Re2 32. c5 Rc2 33. b4 Rc3 34. a4 Rxc5 35. bxc5 a5 36. c6 Kg5 37. c7 1-0


[Site "https://www.chess.com"]

[Event "Titled Tuesday Blitz November 9 2021"]
[White "Aloma Vidal, Robert"]
[Black "Bazeev, German"]
[WhiteFideId "2260409"]
[BlackFideId "24119350"]
[WhiteElo "2435"]
[BlackElo "2462"]
[Result "1/2-1/2"]
[Round "02"]
[TimeControl "180+1"]
[Date "2021.11.09"]
[WhiteClock "0:00:09"]
[BlackClock "0:00:07"]

1. e4 c6 2. d4 d5 3. e5 Bf5 4. Nf3 e6 5. Be2 Nd7 6. O-O a6 7. b3 h6 8. c4 g5 9. Nc3 Ne7 10. Ba3 b5 11. Bd6 dxc4 12. bxc4 bxc4 13. Bxc4 Nd5 14. Ne2 Bxd6 15. exd6 N7b6 16. Rc1 Qxd6 17. Ng3 Bh7 18. h4 gxh4 19. Nxh4 Rg8 20. Qh5 Qf4 21. Nf3 Bg6 22. Qe5 Nxc4 23. Rxc4 Bd3 24. Rxc6 Qxe5 25. Nxe5 Bxf1 26. Kxf1 Ke7 27. Rc1 Rgc8 28. Re1 Rab8 29. Ne4 Rc2 30. Nc5 Rbb2 31. Ned3 Rxa2 32. Kg1 a5 33. Rb1 Nb4 34. Nxb4 axb4 35. Rxb4 Rxf2 36. Rb7+ Kf6 37. Ne4+ Kg6 38. Nxf2 Rd2 39. Rd7 h5 40. g3 e5 41. d5 f5 42. Rd6+ Kg5 43. Rd8 e4 44. Rg8+ Kf6 45. Kf1 Rxd5 46. Ke2 Ra5 47. Nh3 Ra2+ 48. Ke3 Ra3+ 49. Kd4 h4 50. Nf4 Rxg3 51. Nh5+ Kf7 52. Nxg3 Kxg8 53. Nxf5 h3 54. Kxe4 h2 55. Ng3 h1=Q+ 56. Nxh1 1/2-1/2


[Site "https://www.chess.com"]

[Event "Titled Tuesday Blitz November 9 2021"]
[White "Al-Tarboush, Ward"]
[Black "Manafov, Vugar"]
[WhiteFideId "7601450"]
[BlackFideId "13410814"]
[WhiteElo "2276"]
[BlackElo "2277"]
[Result "0-1"]
[Round "02"]
[TimeControl "180+1"]
[Date "2021.11.09"]
[WhiteClock "0:00:16"]
[BlackClock "0:01:17"]

1. d4 Nf6 2. Nf3 e6 3. Nc3 d5 4. Bg5 Bb4 5. e3 h6 6. Bxf6 Qxf6 7. Bd3 c5 8. O-O O-O 9. a3 Ba5 10. Ne5 Nc6 11. Nxc6 bxc6 12. Qe1 cxd4 13. Nxd5 cxd5 14. Qxa5 dxe3 15. fxe3 Qxb2 16. Rae1 Bd7 17. e4 dxe4 18. Bxe4 Rac8 19. Qxa7 Bb5 20. Rf2 Rc3 21. a4 Ra3 22. c4 Qc3 23. Ref1 Qxc4 24. Bg6 Qxf1+ 25. Rxf1 Bxf1 26. Kxf1 fxg6+ 27. Ke2 Rc8 28. h3 Kh7 29. Kf2 Rc2+ 30. Kg1 Rca2 31. Qe7 Rxa4 32. Qxe6 Rb2 33. Qd5 Raa2 34. h4 Rxg2+ 35. Qxg2 Rxg2+ 36. Kxg2 g5 37. hxg5 hxg5 38. Kg3 Kg6 39. Kg4 Kf6 40. Kg3 Kf5 41. Kf3 g4+ 42. Kg3 Kg5 43. Kg2 Kf4 44. Kf2 g3+ 45. Kg2 Kg4 46. Kg1 Kf3 47. Kf1 g2+ 48. Kg1 g6 49. Kh2 Kf2 50. Kh3 g1=Q 51. Kh4 Kf3 0-1


[Site "https://www.chess.com"]

[Event "Titled Tuesday Blitz November 9 2021"]
[White "Bok, Benjamin"]
[Black "Goltseva, Ekaterina"]
[WhiteFideId "1017063"]
[BlackFideId "24173770"]
[WhiteElo "2658"]
[BlackElo "2163"]
[Result "1-0"]
[Round "02"]
[TimeControl "180+1"]
[Date "2021.11.09"]
[WhiteClock "0:01:59"]
[BlackClock "0:00:56"]

1. d4 Nf6 2. c4 e6 3. Nf3 d5 4. Nc3 dxc4 5. e4 b5 6. e5 Nd5 7. Nxb5 Nb6 8. Be2 Be7 9. O-O Nc6 10. Qd2 Bb7 11. Rd1 Qd7 12. Nc3 Nb4 13. a3 Nd3 14. Bxd3 Bxf3 15. gxf3 cxd3 16. Qxd3 Nd5 17. Nxd5 Qxd5 18. Qe4 Rd8 19. Be3 O-O 20. Rac1 Qa5 21. Qc6 Rc8 22. d5 exd5 23. Rxd5 Qb6 24. Bxb6 cxb6 25. Qxc8 Rxc8 26. Rxc8+ Bd8 27. Rdxd8# 1-0


[Site "https://www.chess.com"]

[Event "Titled Tuesday Blitz November 9 2021"]
[White "Bortnyk, Mykola"]
[Black "Bykov, Egor"]
[WhiteFideId "14120836"]
[BlackFideId "34115290"]
[WhiteElo "2582"]
[BlackElo "2221"]
[Result "1-0"]
[Round "02"]
[TimeControl "180+1"]
[Date "2021.11.09"]
[WhiteClock "0:00:53"]
[BlackClock "0:00:04"]

1. e4 e5 2. Nf3 Nc6 3. Bc4 Bc5 4. b4 Bxb4 5. c3 Ba5 6. d4 exd4 7. O-O Nge7 8. cxd4 d5 9. exd5 Nxd5 10. Ba3 Be6 11. Nbd2 Nce7 12. Ng5 O-O 13. Nxe6 fxe6 14. Nf3 Rf6 15. Qb3 Rb8 16. Bxe7 Nxe7 17. Bxe6+ Kh8 18. Ne5 Qxd4 19. Nf7+ Rxf7 20. Bxf7 Bb6 21. Rad1 Qf6 22. Qe6 Qxe6 23. Bxe6 c5 24. Rd7 Ng6 25. Bd5 Ne5 26. Re7 Nd3 27. Be4 Nf4 28. g3 Ne2+ 29. Kg2 Nc3 30. Bxb7 Nxa2 31. Rfe1 g6 32. Rd1 Ba5 33. Rdd7 Bc3 34. Rxh7+ Kg8 35. Bd5+ 1-0


[Site "https://www.chess.com"]